 Dungeon Crawl Stone Soup version 0.31-b1-22-gc680215f68 (webtiles) character file.

Game seed: 2557185881507034864

101 Buffagor the Chopper (level 4, -7/35 HPs)
             Began as a Demonspawn Berserker on Jan 19, 2024.
             Was a Believer of Trog.
             Killed from afar by an orc wizard (10 damage)
             ... with a puff of flame
             ... on level 3 of the Dungeon.
             The game lasted 00:04:04 (1571 turns).

Buffagor the Chopper (Demonspawn Berserker)         Turns: 1571, Time: 00:04:05

Health: -7/35      AC:  6    Str: 20    XL:     4   Next: 48%
Magic:  13/13      EV: 10    Int:  7    God:    Trog [**....]
Gold:   118        SH:  0    Dex: 12    Spells: 3/3 levels left

rFire   . . .        l - +0 dagger (venom)
rCold   . . .        (no shield)
rNeg    . . .        c - +0 scale mail
rPois   .            (no helmet)
rElec   .            (no cloak)
rCorr   .            (no gloves)
SInv    .            (no boots)
Will    .....        (no amulet) Stlth
                     d - ring of magical power
HPRegen 0.25/turn    (no ring)
MPRegen 0.13/turn

%: no passive effects
@: on berserk cooldown, slowed, very slow
A: hooves 1, demonic guardian 2
a: Renounce Religion, Berserk, Trog's Hand


You were on level 3 of the Dungeon.
You worshipped Trog.
Trog was pleased with you.
You visited 1 branch of the dungeon, and saw 3 of its levels.

You collected 118 gold pieces.

Inventory:

Hand Weapons
 a - a +0 hand axe
 l - a +0 dagger of venom (weapon)
Armour
 c - a +0 scale mail (worn)
 o - a +0 cloak
Jewellery
 d - a ring of magical power (left hand)
Wands
 i - a wand of paralysis (5)
Scrolls
 g - a scroll of teleportation
Potions
 b - a potion of haste
 j - a potion of enlightenment
 k - a potion of brilliance {unknown}
 m - a potion of berserk rage {unknown}
 n - a potion of might {unknown}


   Skills:
 - Level 3.0 Fighting
 * Level 4.8 Axes
 - Level 1.7 Armour
 - Level 1.7 Dodging


You had 3 spell levels left.
You didn't know any spells.
Your spell library was empty.

Dungeon Overview and Level Annotations

Branches:
Dungeon (3/15)

Altars:


Innate Abilities, Weirdness & Mutations

You have large cloven feet.
A demonic guardian rushes to your aid.


Message History

Reactivating autopickup.
You feel a bit more experienced. Something hits you.
* * * LOW HITPOINT WARNING * * *
A demonic guardian appears!
Deactivating autopickup; reactivate with Ctrl-A.
Things that are here:
a +0 dagger; a +0 robe You feel a strong urge to attack something.
Your hellwing disappears in a puff of smoke!
Something hits you but does no damage.
Your orange demon stings the orc from afar.
Something hits you.
* * * LOW HITPOINT WARNING * * *
You feel your anger nearly subside.
You are no longer berserk.
You are exhausted.
You feel yourself slow down.
You barely miss the orc. You kick the orc.
You kill the orc!
Trog accepts your kill.
You hear some strange, mumbled words.
You are confused.
Something hits you.
* * * LOW HITPOINT WARNING * * *
A quokka comes into view.
Things that are here:
a +0 club; a +0 leather armour You closely miss your orange demon.
You hear some strange, mumbled words.
A puff of flame appears from out of thin air!
The puff of flame misses you. Something hits you.
* * * LOW HITPOINT WARNING * * *
You barely miss your orange demon. Something hits you but does no damage.
You barely miss something.
You feel less confused.
Something hits you but does no damage. x2
You miss something.
You hear some strange, mumbled words.
A puff of flame appears from out of thin air!
The puff of flame hits you!
You die...

#.#†#.#........
#.#.#.#..#....#
#.....#..#....#
###.#.#..#....#
#.###..#....#
####.......... .
#...).......#######
#....{4...)<.......
######@########....
##r# . ~# .# .# ~#
~# ~#


You could see a quokka and a friendly orange demon (summoned).

Vanquished Creatures
  Crazy Yiuf (D:2)
  An orc wizard (D:3)
  A dart slug (D:1)
  2 orcs (D:3)
  3 bats
  3 endoplasms (D:1)
  3 giant cockroaches
  3 goblins
  4 hobgoblins (D:1)
  6 jackals (D:2)
  3 kobolds (D:1)
  A quokka (D:2)
  6 ball pythons
  3 frilled lizards (D:1)
  5 rats
45 creatures vanquished.

Notes
Turn   | Place    | Note
-------+----------+-------------------------------------------
     0 | D:1      | Buffagor the Demonspawn Berserker began the quest for the
                  | Orb.
     0 | D:1      | Reached XP level 1. HP: 18/18 MP: 1/1
   133 | D:1      | Reached skill level 3 in Axes
   143 | D:1      | Gained mutation: A weak demonic guardian rushes to your
                  | aid. [demonic ancestry]
   143 | D:1      | Reached XP level 2. HP: 19/24 MP: 2/2
   856 | D:2      | Reached ** piety under Trog
   857 | D:2      | Gained mutation: A demonic guardian rushes to your aid.
                  | [demonic ancestry]
   857 | D:2      | Reached XP level 3. HP: 29/29 MP: 3/3
   963 | D:2      | Identified the +2 leather armour "Eragh" {^Drain rN+ Str+2}
  1121 | D:2      | Reached skill level 4 in Axes
  1178 | D:2      | Found a runed translucent door.
  1179 | D:2      | Noticed Crazy Yiuf
  1382 | D:2      | Killed Crazy Yiuf
  1383 | D:2      | Gained mutation: You have large cloven feet. [demonic
                  | ancestry]
  1383 | D:2      | Reached XP level 4. HP: 9/35 MP: 4/4
  1571 | D:3      | Killed from afar by an orc wizard

Illustrated notes

Levels and vault maps discovered:
D:1:      kennysheep_arrival_forest, layout_basic, minmay_tetromino_l2
D:2:      layout_rooms, serial_bayou_pond_d, uniq_crazy_yiuf_cottage
D:3:      layout_basic, overflow_temple_1_default, gup_sewer_entry_spiral

Skill      XL: |  1  2  3 |
---------------+----------+-----
Axes           | 3 4 |  4.8
Fighting       | |  3.0
Armour         | |  1.7
Dodging        | |  1.7

Action                     |  1- 3 |  4- 6 || total
---------------------------+-------+-------++-------
  Melee: Hand axe          |    75 |       ||    75
         Punch             |     3 |       ||     3
         Dagger            |    40 |    11 ||    51
         Kick              |       |     3 ||     3
 Invoke: Berserk           |     1 |     1 ||     2
    Use: Scroll            |       |     5 ||     5
 Armour: Scale mail        |    96 |    16 ||   112
         Animal skin       |     3 |       ||     3
  Dodge: Dodged            |    75 |     5 ||    80
